Map: Nightscape LE

Players

Massa

  • Race: Terran Terran
  • League: Platinum
  • Spawn Location: 7:00

qqq

  • Race: Zerg Zerg
  • League: Platinum
  • Spawn Location: 7:00

picco - Winner!

  • Race: Zerg Zerg
  • Spawn Location: 1:00

ADVISOR - Winner!

  • Race: Protoss Protoss
  • League: Diamond
  • Spawn Location: 1:00

VOD

Have the link to the VOD?

Description

Time

  • Played on: Sept. 29, 2020, 4:23 p.m.
  • Length: 8:57
Show
View Real Time Build Order
Export as new Build Order

Massa Terran 

Build Orders: Gas First Reaper Expand 

Get SALT Encoding   

  12  0:00  SCV  
  13  0:12  SCV  
  14  0:23  Supply Depot  
  14  0:24  SCV  
  15  0:30  Refinery  
  15  0:44  SCV  
  15  0:46  Barracks  
  16  0:56  SCV  
  17  1:08  SCV  
  18  1:21  SCV  
  19  1:34  Reaper  
  19  1:35  Orbital Command  
  20  1:53  Command Center  
  20  2:03  SCV  
  20  2:06  Marine  
  22  2:15  SCV  
  23  2:31  Command Center  
  23  3:04  SCV  
  24  3:10  Barracks Tech Lab  
  24  3:17  Orbital Command  
  24  3:22  Supply Depot  
  24  3:23  Factory  
  24  3:27  SCV  
  24  3:28  Barracks  
  25  3:39  SCV  
  26  3:45  SCV x2  
  28  3:51  SCV  
  28  3:54  Marauder  
  28  3:55  Stimpack  
  31  3:57  SCV x2  
  31  4:02  Barracks  
  33  4:03  SCV  
  33  4:07  Supply Depot  
  33  4:09  SCV, Supply Depot  
  34  4:17  Refinery, Barracks Reactor  
  34  4:41  Hellion, Marauder  
  34  4:43  Marine  
  34  4:45  SCV x3  
  32  4:52  Marine  
  29  4:57  SCV x3  
  32  5:01  Marine  
  32  5:02  Marauder  
  32  5:03  Hellion  
  31  5:18  Marine  
  28  5:22  Orbital Command  
  28  5:23  Marauder  
  28  5:24  Hellion  
  28  5:26  Bunker  
  25  5:36  Marine  
  25  5:37  SCV  
  27  5:45  Marauder  
  27  5:46  Widow Mine  
  27  5:49  SCV  
  31  6:01  SCV  
  27  6:06  Marauder  
  27  6:07  Widow Mine  
  30  6:13  SCV  
  30  6:18  Combat Shield  
  31  6:22  SCV x2  
  31  6:26  SCV  
  31  6:28  Marauder  
  31  6:31  Barracks  
  32  6:33  Barracks  
  32  6:34  SCV x2  
  32  6:38  SCV  
  32  6:39  Barracks  
  34  6:42  Widow Mine  
  31  6:49  Marauder  
  25  7:10  Marauder  
  21  7:35  Marine  
  21  7:36  Marine x2  
  22  7:53  Marine x2  
  22  7:54  Marine  
  22  7:57  Supply Depot  
  25  8:00  Supply Depot  
  23  8:08  Bunker  
  23  8:11  Marine x3  
  25  8:29  Marine x3  
Show
View Real Time Build Order
Export as new Build Order

qqq Zerg 

Build Orders: Hatch First, Zergling Baneling 

Get SALT Encoding   

  12  0:01  Drone  
  13  0:08  Drone  
  14  0:35  Hatchery  
  13  0:44  Drone  
  14  0:55  Spawning Pool  
  13  1:02  Overlord  
  13  1:09  Drone  
  14  1:15  Extractor  
  14  1:17  Drone  
  14  1:30  Drone x2  
  16  1:37  Drone  
  17  1:51  Drone  
  17  1:53  Drone  
  19  2:02  Spine Crawler  
  19  2:03  Drone  
  19  2:06  Zergling x2  
  20  2:10  Drone  
  20  2:12  Zergling x2  
  22  2:21  Queen  
  24  2:24  Drone  
  26  2:30  Zergling x2  
  26  2:34  Metabolic Boost  
  26  2:45  Zergling x2  
  26  2:46  Zergling x2  
  26  2:49  Overlord  
  28  2:51  Overlord  
  28  3:07  Zergling x2  
  28  3:08  Zergling x2  
  28  3:09  Overlord  
  29  3:16  Zergling x2  
  29  3:18  Drone  
  31  3:21  Queen  
  31  3:25  Baneling Nest  
  32  3:32  Drone, Zergling x2  
  32  3:33  Drone  
  35  3:38  Zergling x2  
  36  3:53  Zergling x2  
  36  3:54  Drone, Zergling x6  
  41  4:02  Zergling x2  
  42  4:03  Zergling x2  
  43  4:11  Baneling x5  
  43  4:17  Baneling x2  
  43  4:20  Zergling x2  
  43  4:21  Zergling x4  
  43  4:22  Zergling x2  
  47  4:28  Baneling x3  
  45  4:49  Zergling x8  
  45  4:50  Zergling x2  
  39  5:10  Zergling x2  
  39  5:11  Zergling x4  
  38  5:24  Baneling  
  38  5:25  Baneling  
  36  5:28  Zergling x2  
  36  5:29  Zergling x6  
  33  5:45  Zergling x2  
  33  5:46  Zergling x8  
  33  5:47  Zergling x2  
  37  5:54  Zergling x4  
  36  6:04  Zergling x6  
  38  6:10  Zergling x4  
  38  6:11  Zergling x2  
  37  6:17  Zergling x2  
  37  6:18  Zergling x6  
  39  6:20  Queen  
  35  6:43  Zergling x8  
  35  6:44  Zergling x10  
  40  6:52  Zergling x2  
  36  7:12  Zergling x4  
  36  7:13  Zergling x12  
  34  7:24  Zergling x2  
  34  7:25  Zergling x2  
  30  7:37  Hatchery, Zergling x8  
  30  7:38  Hatchery  
  25  7:49  Zergling x4  
  25  7:50  Zergling x4  
  29  7:52  Baneling  
  29  7:56  Zergling x4  
  27  8:03  Zergling x2  
  27  8:04  Zergling x6  
  26  8:15  Zergling x4  
Show
View Real Time Build Order
Export as new Build Order

picco Zerg - Winner!

Build Orders: Hatch First 

Get SALT Encoding   

  12  0:01  Drone  
  13  0:08  Drone  
  14  0:16  Overlord  
  14  0:45  Drone, Hatchery  
  14  0:49  Drone  
  15  0:53  Drone  
  16  1:05  Drone  
  17  1:13  Spawning Pool  
  17  1:16  Extractor  
  17  1:18  Drone  
  16  1:24  Drone  
  17  1:30  Drone  
  19  1:47  Drone  
  19  1:57  Extractor  
  19  1:58  Overlord  
  19  2:01  Queen x2  
  18  2:04  Drone  
  23  2:13  Drone x2  
  25  2:19  Metabolic Boost  
  25  2:26  Drone x2  
  27  2:31  Zergling x2  
  28  2:40  Zergling x4  
  29  2:49  Zergling x4  
  29  2:54  Zergling x2  
  28  2:59  Zergling x2  
  26  3:15  Zergling x6  
  26  3:17  Queen  
  31  3:22  Drone  
  31  3:26  Zergling x2  
  33  3:31  Zergling x2  
  34  3:34  Drone  
  34  3:37  Drone  
  36  3:57  Overlord x2  
  36  3:58  Overlord  
  36  4:17  Zergling x10  
  38  4:22  Drone x4  
  45  4:31  Lair  
  41  4:44  Zergling x8  
  38  4:52  Zergling x4  
  34  5:06  Zergling x6  
  29  5:26  Zergling x4  
  29  5:27  Zergling x2  
  27  5:48  Zergling x10  
  32  6:09  Zergling x4  
  33  6:16  Hatchery  
  31  6:22  Overseer  
  29  6:27  Zergling x4  
  29  6:28  Zergling x2  
  32  6:38  Zergling x2  
  31  6:49  Zergling x8  
  34  7:03  Zergling x2  
  31  7:17  Zergling x2  
  31  7:33  Zergling x2  
  31  7:34  Zergling x4  
  31  7:35  Queen  
  33  7:38  Zergling x4  
  33  7:39  Zergling x2  
  34  8:02  Zergling x10  
  35  8:15  Zergling x4  
  36  8:27  Zergling x4  
  36  8:28  Zergling x2  
  37  8:36  Zergling x2  
Show
View Real Time Build Order
Export as new Build Order

ADVISOR Protoss - Winner!

Build Orders:  

Get SALT Encoding   

  12  0:00  Probe  
  13  0:12  Probe  
  14  0:18  Pylon  
  14  0:24  Probe  
  15  0:37  Gateway  
  15  0:39  Probe  
  16  0:49  Assimilator  
  16  0:51  Probe  
  17  1:07  Probe (Chrono Boost)  
  18  1:17  Probe (Chrono Boost)  
  19  1:20  Assimilator  
  19  1:22  Probe (Chrono Boost)  
  20  1:32  Cybernetics Core  
  20  1:40  Forge  
  20  1:44  Probe (Chrono Boost)  
  21  1:53  Probe (Chrono Boost)  
  22  1:58  Probe (Chrono Boost)  
  23  2:06  Warp Gate (Chrono Boost)  
  23  2:10  Protoss Ground Weapons Level 1 (Chrono Boost)  
  23  2:12  Gateway  
  23  2:21  Pylon  
  22  2:37  Probe  
  22  2:39  Stalker  
  25  2:47  Photon Cannon  
  25  2:56  Gateway  
  25  3:02  Gateway  
  25  3:13  Photon Cannon  
  25  3:20  Pylon  
  25  3:27  Gateway  
  25  3:52  Photon Cannon  
  25  4:16  Zealot  
  25  4:17  Zealot x3  
  29  4:23  Pylon  
  33  4:52  Stalker x3  
  37  4:53  Stalker x2  
  43  5:00  Photon Cannon  
  43  5:07  Photon Cannon  
  41  5:32  Stalker x3  
  41  6:11  Stalker x5  
  39  6:49  Stalker x2  
  39  6:50  Stalker x2  
  45  7:17  Stalker x3  
  45  7:47  Pylon  
  45  8:00  Nexus  
  45  8:04  Pylon  
  45  8:06  Pylon  
  41  8:27  Stalker x3  
  41  8:28  Stalker  
Tags
 
Add a new tag
Caveats
  • Supply blocks, unpowered buildings, or Contaminate may cause inaccurate times.
  • Supply counts are checked every 10 seconds.